 Dungeon Crawl Stone Soup version 0.29-a0-1006-g0dd7720b37 (webtiles) character file.

Game seed: 18016117053390774691

18 vurker the Sneak (level 2, -4/14 HPs)
             Began as a Vine Stalker Enchanter on Aug 6, 2022.
             Engulfed by a cloud of flame (10 damage)
             ... on level 1 of the Dungeon.
             The game lasted 00:01:27 (1639 turns).

vurker the Sneak (Vine Stalker Enchanter)           Turns: 1639, Time: 00:01:28

Health: -4/14      AC:  3    Str: 10    XL:     2   Next: 70%
Magic:  0/6        EV: 12    Int: 15    God:
Gold:   80         SH:  0    Dex: 14    Spells: 5/5 levels left

rFire   . . .      SeeInvis .   a - +1 dagger
rCold   . . .      Faith    .   (no shield)
rNeg    . . .      Spirit   +   b - +1 robe
rPois   .          Reflect  .   (no helmet)
rElec   .          Harm     .   (no cloak)
rCorr   .          Rampage  .   (no gloves)
Will    .....                   (no boots)
Stlth   ++........              (no amulet)
HPRegen 0.04/turn               (no ring)
MPRegen 0.10/turn               (no ring)

@: no status effects
A: fangs 2, magic shield, antimagic bite, no potion heal 2
a: no special abilities


You were on level 1 of the Dungeon.
You visited 1 branch of the dungeon, and saw 1 of its levels.

You collected 80 gold pieces.

Inventory:

Hand Weapons
 a - a +1 dagger (weapon)
Armour
 b - a +1 robe (worn)
Wands
 e - a wand of mindburst (15)
   (You found it on level 1 of the Dungeon)
Scrolls
 d - a scroll of identify
Potions
 c - 2 potions of invisibility
 g - a potion of cancellation


   Skills:
 + Level 1.0 Fighting
 * Level 2.0 Short Blades
 - Level 1.5 Dodging
 - Level 3.6 Stealth
 - Level 2.1 Spellcasting
 - Level 3.0 Hexes


You had 5 spell levels left.
You didn't know any spells.
Your spell library contained the following spells:

 Spells                   Type           Power      Damage    Failure   Level
 Ensorcelled Hibernation  Hex/Ice        12%        N/A       19%         2
 Confusing Touch          Hex            10%        N/A       19%         3
 Tukima's Dance           Hex            10%        N/A       19%         3
 Dazzling Flash           Conj/Hex       12%        N/A       34%         3


Dungeon Overview and Level Annotations

Branches:
Dungeon (1/15)

Altars:


Innate Abilities, Weirdness & Mutations

You have extremely sharp teeth.
When hurt, damage is shared between your health and your magic reserves.
Your bite disrupts and absorbs the magic of your enemies.
Potions cannot restore your health.


Message History

You hit the ball python. You bite the ball python.
You kill the ball python!
No target in view!
No target in view!
No target in view!
No target in view!
No target in view!
No target in view!
No target in view!
No target in view!
No target in view!
No target in view!
You open the door.
There is an open door here.
Found a scroll labelled PIOJAXU ZATA.
There is a stone staircase leading down here.
Found a stone staircase leading down.
You see here a +0 leather armour.
Key pressed, stopping explore.
Partly explored, can't reach some items and places.
Partly explored, can't reach some items and places.
Really stalk into a travel-excluded area? [Y]es or [N]o only, please.
Really stalk into a travel-excluded area?
d - 2 scrolls labelled PIOJAXU ZATA (gained 1)
As you read the scroll labelled WEROFU YBOJI, it crumbles to dust.
It is a scroll of enchant armour.
Your +0 robe glows green for a moment.
As you read the scroll labelled PIOJAXU ZATA, it crumbles to dust.
It is a scroll of identify.
g - a potion of cancellation Blink to where?
As you read the scroll labelled FESEAV CACEWN, it crumbles to dust.
It was a scroll of blinking.
e - a wand of mindburst (15)
You see here a +0 sling.
You now have 80 gold pieces (gained 20).
Really stalk into a travel-excluded area?
You are engulfed in blazing flames.
Ouch! That really hurt!
* * * LOW HITPOINT WARNING * * *
You start resting.
You start resting.
You are engulfed in blazing flames.
Ouch! That really hurt!
* * * LOW HITPOINT WARNING * * *
You start resting.
You are engulfed in blazing flames.
Ouch! That really hurt!
You die...

#......................##.#....
#....####'######...######......
#)...#>....# #○°○# #.......
#....'.....# #§○☼# ##.##...
#....#.##.## #§§☼# #.......
#....#.##.######...######.#....
######.##...○°☼...).§○°........
#......##...☼○○.....○○☼.#.#....
#.#######.#.§§@..[..§§☼.#.##+#.
#.#######.######...######.##.##
#.#.......# #☼○§# #......
#.#.......## #°○○# ##.##.#.
#..........# #§§☼# #..##.#.
###......#######...#####.....#.
#......##.#.###.#............
##'#'##...#.###....####.##.#.
#.#.##...'........#....##.##


There were no monsters in sight!

Vanquished Creatures
  A dart slug (D:1)
  3 endoplasms (D:1)
  A hobgoblin (D:1)
  4 jackals (D:1)
  2 ball pythons (D:1)
  3 bats (D:1)
  A frilled lizard (D:1)
  A kobold (D:1)
16 creatures vanquished.

Vanquished Creatures (others)
  A kobold (D:1)
1 creature vanquished.

Grand Total: 17 creatures vanquished

Notes
Turn   | Place    | Note
-------+----------+-------------------------------------------
     0 | D:1      | vurker the Vine Stalker Enchanter began the quest for the
                  | Orb.
     0 | D:1      | Reached XP level 1. HP: 9/9 MP: 4/4
    70 | D:1      | Reached skill level 1 in Short Blades
    72 | D:1      | Found a faded altar of an unknown god.
   264 | D:1      | Reached XP level 2. HP: 14/14 MP: 6/6
   683 | D:1      | Reached skill level 1 in Fighting
  1639 | D:1      | Engulfed by a cloud of flame

Illustrated notes

Levels and vault maps discovered:
D:1:      elethiomel_arrival_quiet, layout_basic,
          chequers_ecumenical_altar_simple_redux, lemuel_flame_loot_1

Skill      XL: |  1  2 |
---------------+-------+-----
Short Blades   | 1 2 |  2.0
Fighting       | 1 |  1.0
Dodging        | |  1.5
Stealth        | |  3.6
Spellcasting   | |  2.1
Hexes          | |  3.0

Action                   || total
-------------------------++-------
Melee: Dagger            ||    53
       Bite              ||    15
  Use: Scroll            ||     3
 Stab: Sleeping          ||     5
Armor: Robe              ||     3
Dodge: Dodged            ||    39

Table legend: (Time is in decaauts)
 A = Elapsed time spent in this place.
 B = Non-inter-level travel time spent in this place.
 C = Inter-level travel time spent in this place.
 D = Time resting spent in this place.
 E = Time spent auto-exploring this place.
 F = Levels seen in this place.
 G = Mean time per level.
                   A        B        C        D        E       F      G
               +--------+--------+--------+--------+--------+-----+--------+
         Total |   1635 |   1623 |     12 |    343 |   1046 |   1 | 1635.0 |
       Dungeon |   1635 |   1623 |     12 |    343 |   1046 |   1 | 1635.0 |
               +--------+--------+--------+--------+--------+-----+--------+

Top non-repeatable levels by time:
     D:1: 1635 daAuts
